 Dungeon Crawl Stone Soup version 0.29.1-15-g9cfb28693d (webtiles) character file.

Game seed: 17581981107829064657

0 leafyfresh the Sneak (level 1, -1/16 HPs)
             Began as an Octopode Delver on Mar 4, 2023.
             Slain by a hobgoblin (2 damage)
             ... on level 4 of the Dungeon.
             The game lasted 00:00:16 (97 turns).

leafyfresh the Sneak (Octopode Delver)                Turns: 97, Time: 00:00:17

Health: -1/16      AC:  1    Str: 11    XL:     1   Next: 0%
Magic:  1/1        EV: 13    Int: 12    God:
Gold:   24         SH:  0    Dex: 13    Spells: 0/0 levels left

rFire   . . .      SeeInvis .   a - +0 short sword
rCold   . . .      Faith    .   (no shield)
rNeg    . . .      Spirit   .   (helmet restricted)
rPois   .          Reflect  .   (no amulet)
rElec   .          Harm     .   (no ring)
rCorr   .          Rampage  .   (no ring)
Will    .....                   (no ring)
Stlth   ++++......              (no ring)
HPRegen 0.05/turn               (no ring)
MPRegen 0.07/turn               (no ring)
                                (no ring)
                                (no ring)

@: marked
A: almost no armour, amphibious, 8 rings, camouflage 1, gelatinous body 1,
(nimble swimmer 1), tentacles
a: no special abilities


You were on level 4 of the Dungeon.
You visited 1 branch of the dungeon, and saw 2 of its levels.

You collected 24 gold pieces.

Inventory:

Hand Weapons
 a - a +0 short sword (weapon)
Wands
 f - a wand of digging (3)
Scrolls
 b - a scroll of fog
 c - a scroll of magic mapping
 d - a scroll of fear
Potions
 e - a potion of haste


   Skills:
 + Level 3.0 Fighting
 + Level 2.0 Short Blades
 + Level 2.0 Dodging
 + Level 6.6 Stealth


You couldn't memorise any spells.
You didn't know any spells.
Your spell library was empty.

Dungeon Overview and Level Annotations

Branches:
Dungeon (5/15)
 Temple: D:4-7

Altars:
Gozag


Innate Abilities, Weirdness & Mutations

You cannot wear most types of armour.
You are amphibious.
You can wear up to eight rings at the same time.
Your skin changes colour to match your surroundings (Stealth+).
Your rubbery body absorbs attacks. (AC +1, EV +1)
((You are camouflaged when in or above water. (Stealth+)))
You have tentacles for arms and can constrict up to eight enemies at once.


Message History

Unknown command.
A quokka comes into view.
The gnoll throws a throwing net.
The throwing net hits you.
You become entangled in the net!
Things that are here:
a throwing net; a scroll labelled JORCHO BECICS You struggle against the net.
The hobgoblin hits you.
Unknown command.
You struggle against the net.
The hobgoblin hits you.
A gnoll comes into view. It is wielding a +0 club.
You struggle against the net.
The hobgoblin hits you.
An orc comes into view. It is wielding a +0 club.
You rip the net and break free!
The hobgoblin hits you.
* * * LOW HITPOINT WARNING * * *
The gnoll closely misses you.
You hit the hobgoblin but do no damage. Your grab misses the hobgoblin.
Your squeeze misses the hobgoblin.
An orc comes into view. It is wielding a +0 dagger.
An orc comes into view. It is wielding a +0 war axe.
The hobgoblin hits you.
* * * LOW HITPOINT WARNING * * *
The gnoll hits you with a +0 flail.
* * * LOW HITPOINT WARNING * * *
Unknown command.
Unknown command.
Unknown command.
You barely miss the gnoll. Your grab misses the gnoll. You squeeze the gnoll.
The gnoll is moderately wounded.
The quokka misses you. The hobgoblin barely misses you.
An orc comes into view. It is wielding a +0 trident.
The gnoll misses you.
You hit the gnoll but do no damage. Your grab misses the gnoll.
The gnoll is moderately wounded.
The quokka closely misses you. The hobgoblin closely misses you.
The gnoll closely misses you.
An endoplasm comes into view.
You hit the gnoll. You grab the gnoll.
The gnoll is heavily wounded.
You constrict the gnoll. The quokka barely misses you. The hobgoblin hits you.
You die...

#........
#........
#.<......
#........
#........
#######........
?.......####.##
#######....#.
##.ogg@#.....#
#..ogrg.......#
..Jo.............
...o............#
##.........<.....
#..............#
#...............
#..............
..............


You could see 3 gnolls, 4 orcs, an endoplasm, a quokka and a hobgoblin.

Vanquished Creatures (others)
  2 fungi (D:5)
2 creatures vanquished.

Notes
Turn   | Place    | Note
-------+----------+-------------------------------------------
     0 | D:5      | leafyfresh the Octopode Delver began the quest for the Orb.
     0 | D:5      | Reached XP level 1. HP: 16/16 MP: 1/1
    18 | D:5      | Found an opulent altar of Gozag.
    75 | D:5      | Noticed a troll
    97 | D:4      | Slain by a hobgoblin

Illustrated notes

Levels and vault maps discovered:
D:4:      layout_rooms, mainiacjoe_overflow_brackets, tso_altar,
          minmay_misc_feat_doors, uniq_blork_the_orc
D:5:      cheibrodos_fertilizer, layout_basic, makhleb_altar_promises_db,
          mainiacjoe_overflow_chevrons,
          nicolae_gozag_cash_rules_everything_around_me,
          minmay_temple_entry_sparse_star, cheibrodos_gnoll_hut

Action                   || total
-------------------------++-------
Melee: Short sword       ||     4
       Constrict         ||     1
       Tentacles         ||     1
Dodge: Dodged            ||     8
